Map: Odyssey LE

Players

Gildel - Winner!

  • Race: Terran Terran
  • League: Platinum
  • Spawn Location: 5:00

Juxtapose

  • Race: Protoss Protoss
  • League: Gold
  • Spawn Location: 11:00

VOD

https://youtu.be/amP3lRB_L_Y

Description

I was defeated by a fast Marine/Cyclone rush, something very similar that I do to Protoss opponents with strong success.

So this is what that feels like...

Time

  • Played on: Dec. 26, 2017, 8:04 p.m.
  • Length: 4:22
Show
View Real Time Build Order
Export as new Build Order

Gildel Terran - Winner!

Build Orders: Cyclone Opening 

Get SALT Encoding   

  12  0:01  SCV  
  13  0:18  Supply Depot  
  13  0:19  SCV  
  14  0:25  Refinery  
  14  0:31  SCV  
  15  0:47  Barracks  
  15  0:50  SCV  
  16  0:58  Refinery  
  16  1:02  SCV  
  17  1:14  SCV  
  18  1:26  SCV  
  19  1:33  Supply Depot  
  19  1:36  Barracks Reactor  
  19  1:42  Factory  
  19  1:56  Orbital Command  
  19  2:17  Marine x2  
  20  2:27  SCV  
  21  2:37  Supply Depot  
  21  2:46  Marine  
  21  2:48  Cyclone  
  21  2:51  Cyclone  
  28  3:03  SCV  
  29  3:06  Marine  
  30  3:20  Cyclone  
  30  3:23  Cyclone  
  30  3:24  Marine  
  37  3:32  SCV  
  38  4:11  Supply Depot  
Show
View Real Time Build Order
Export as new Build Order

Juxtapose Protoss 

Build Orders:  

Get SALT Encoding   

  12  0:01  Probe  
  13  0:13  Probe  
  14  0:22  Pylon  
  14  0:25  Probe  
  15  0:40  Probe  
  15  0:42  Gateway  
  16  0:49  Assimilator  
  16  0:52  Probe  
  17  1:01  Pylon  
  17  1:04  Probe  
  18  1:16  Probe  
  18  1:17  Assimilator  
  19  1:29  Probe  
  20  1:37  Cybernetics Core  
  20  1:41  Probe  
  20  1:46  Pylon  
  21  2:02  Probe  
  21  2:03  Zealot  
  24  2:09  Pylon  
  24  2:13  Warp Gate (Chrono Boost)  
  24  2:14  Probe  
  25  2:26  Shield Battery  
  25  2:27  Shield Battery  
  25  2:39  Gateway  
  25  2:45  Forge  
  25  2:57  Adept  
  27  3:05  Robotics Facility  
  27  3:20  Photon Cannon  
  27  3:25  Adept (Chrono Boost)  
  29  3:35  Stalker (Chrono Boost)  
Tags
 
Add a new tag
Caveats
  • Supply blocks, unpowered buildings, or Contaminate may cause inaccurate times.
  • Supply counts are checked every 10 seconds.